 Dungeon Crawl Stone Soup version 0.20.0-15-g7f486f2 (webtiles) character file.

14528 Chiseanne the Destroyer (level 11, -5/68 HPs)
             Began as a Demonspawn Wizard on June 15, 2017.
             Was a High Priest of Vehumet.
             Killed from afar by a tengu reaver (17 damage)
             ... with a bolt of lightning
             ... on level 12 of the Dungeon.
             The game lasted 00:45:58 (14632 turns).

Chiseanne the Destroyer (Demonspawn Wizard)        Turns: 14632, Time: 00:45:59

Health: -5/68      AC: 14    Str: 15    XL:     11   Next: 89%
Magic:  0/26       EV: 11    Int: 28    God:    Vehumet [*****.]
Gold:   302        SH:  0    Dex: 11    Spells: 15/32 levels left

rFire    . . .     SeeInvis .   s - +2 dagger (venom)
rCold    + + .     Gourm    .   (no shield)
rNeg     . . .     Faith    +   S - +0 troll leather armour
rPois    +         Spirit   +   I - +1 helmet of the Neverending Eyes {rPois rC+ Str+7 Stlth+}
rElec    .         Reflect  .   T - +0 cloak
rCorr    .         Harm     .   e - +2 pair of gloves
MR       .....                  V - +0 pair of boots
Stlth    ++........             t - amulet of faith
Regen    0.7/turn               n - +5 ring of intelligence
MPRegen  0.4/turn               A - ring of protection from cold

@: no status effects
A: claws 2, icy blue scales 2, magic shield, magic regeneration, magic link
a: Renounce Religion


You were on level 12 of the Dungeon.
You worshipped Vehumet.
Vehumet was extremely pleased with you.
You were not hungry.

You visited 2 branches of the dungeon, and saw 13 of its levels.

You collected 638 gold pieces.
You spent 336 gold pieces at shops.

Inventory:

Hand Weapons
 a - a +4 long sword
 d - a +1 flail of protection
 s - a +2 dagger of venom (weapon)
 B - a +0 blowgun
 X - a +2 vampiric hand axe
Missiles
 i - 63 poisoned needles
 m - 31 tomahawks (quivered)
 o - 142 sling bullets
 p - 5 poisoned tomahawks
 r - 266 arrows
 v - a throwing net
 H - 6 javelins
 O - 73 bolts
Armour
 e - a +2 pair of gloves (worn)
 G - the +2 cloak of the Thief {+Fog Slay-2 SInv Stlth+}
   (You found it on level 12 of the Dungeon)

   It affects your accuracy and damage with ranged weapons and melee attacks
   (-2).
   It lets you see invisible.
   It makes you more stealthy.
 I - the +1 helmet of the Neverending Eyes (worn) {rPois rC+ Str+7 Stlth+}
   (You found it on level 6 of the Dungeon)

   It affects your strength (+7).
   It protects you from cold.
   It protects you from poison.
   It makes you more stealthy.
 S - a +0 troll leather armour (worn)
 T - a +0 cloak (worn)
 U - a cursed +0 large shield
 V - a +0 pair of boots (worn)
 Z - a +0 buckler
Magical Staves
 g - an uncursed staff of air {unknown}
 Y - an uncursed staff of wizardry {unknown}
Jewellery
 h - an uncursed amulet of the gourmand
 n - a +5 ring of intelligence (left hand)
 t - an amulet of faith (around neck)
 A - a ring of protection from cold (right hand)
 L - a +3 ring of slaying {unknown}
Wands
 b - a wand of confusion (18/48)
 w - a wand of scattershot (1/9)
 Q - a wand of iceblast (5/15)
Scrolls
 c - 8 scrolls of teleportation
 l - 4 scrolls of recharging
 x - 3 scrolls of amnesia
 R - a scroll of fear
Potions
 q - 3 potions of curing
 u - a potion of invisibility {unknown}
 z - 5 potions of haste
 D - 2 potions of resistance
 F - 2 potions of brilliance
 J - a potion of magic
 K - a potion of flight {unknown}
 M - 2 potions of lignification
 N - a potion of heal wounds
Miscellaneous
 y - a lamp of fire
Comestibles
 f - 11 fruits
 j - 16 royal jellies
 k - 2 chunks of flesh
 C - 2 meat rations
 P - 7 bread rations


   Skills:
 - Level 1.7 Dodging
 - Level 1.7 Stealth
 * Level 11.4 Spellcasting
 * Level 12.1 Conjurations
 * Level 4.8 Summonings
 - Level 0.8 Translocations
 - Level 7.0 Air Magic


You had 15 spell levels left.
You knew the following spells:

 Your Spells              Type           Power        Failure   Level  Hunger
a - Magic Dart            Conj           ####         1%          1    None
b - Force Lance           Conj/Tloc      ######..     1%          4    None
c - Conjure Flame         Conj/Fire      #####...     1%          3    None
d - Mephitic Cloud        Conj/Pois/Air  ######..     1%          3    None
e - Summon Lightning Spi  Summ/Air       #####...     3%          4    None
f - Blink                 Tloc           N/A          4%          2    None


Dungeon Overview and Level Annotations

Branches:
Dungeon (12/15)            Temple (1/1) D:7            Lair (0/6) D:11
    Orc (0/2) D:10

Altars:
Cheibriados
Dithmenos
Gozag
Hepliaklqana
Makhleb
Nemelex Xobeh
Okawaru
Ru
Sif Muna
Vehumet
Xom

Shops:
D:7 !

Annotations:
D:3 Chiseanne's ghost, amateur DsWz
D:4 Grinder
D:10 exclusion: downstairs
D:11 exclusions: oklob plant and oklob sapling


Innate Abilities, Weirdness & Mutations

You have very sharp fingernails.
You are mostly covered in icy blue scales. (AC +3)
When hurt, damage is shared between your health and your magic reserves.
You regenerate magic rapidly.
When low on magic, you restore magic in place of health.


Message History

The fire ignites!
The tengu reaver gestures at you while chanting.
The bolt of lightning hits you! x2
* * * LOW HITPOINT WARNING * * *
A deep troll earth mage comes into view.
Casting: Conjure Flame
Confirm with . or Enter, or press ? or * to list all spells.
Aiming: Mephitic Cloud
Press: ? - help, Shift-Dir - straight line, f - tengu reaver
Aim: a tengu reaver, wielding a vampiric war axe, wearing a scale mail and wearing a runed buckler The ball explodes into a vile cloud!
The stinking cloud engulfs the tengu reaver.
The stinking cloud engulfs the deep troll earth mage.
The deep troll earth mage is engulfed in noxious fumes.
The deep troll earth mage appears confused.
The tengu reaver blocks the deep troll earth mage's attack. x3
The tengu reaver is engulfed in noxious fumes.
The tengu reaver casts a spell at you. The bolt of lightning hits you!
You die...

#.##.##....###.##.## #.......
##.#.##.####.##.##.## #.......
##.##.#.## ##.##.##.# #.....#.
#.##.##.# ##.##.#.# #.......
#.#.##.## T##.#.#.# ####....
#.#.#.## #Q#.#.#.# .....
#.#.#.# #§#!#.#.# ...#..
#.#.#.# #.#.#.#†#### #.#
#(#.#.## ##@#.#.#.#..## #..
#.#.##)## ##.##.#.#.)...####..
#.##.##.####.##.##.#......'....
##.##.##.)..##.##.##......'....
##.##)######.##.####....##....
##.##......##.## ##..##.....
##.########.## ####......
##........## #........
########## #........


You could see a tengu reaver and a deep troll earth mage (confused).

Vanquished Creatures
  2 two-headed ogres (D:8)
  2 deep elf magi (D:12)
  2 ugly things (D:12)
  A manticore (D:12)
  A centaur zombie (D:12)
  2 trolls
  A slime creature (D:12)
  A dream sheep (shapeshifter) (D:12)
  2 hippogriffs
  3 shadows (D:12)
  3 yaks (D:10)
  2 wyverns
  A hungry ghost (D:10)
  A two-headed ogre zombie (D:10)
  2 vampire mosquitoes (D:11)
  2 water moccasins
  A porcupine (D:11)
  2 orc warriors
  5 phantoms
  2 eyes of draining
  An ice beast (D:3)
  2 sky beasts
  5 ogres
  4 centaurs
  Blork the orc (D:5)
  2 big kobolds
  10 bullfrogs
  A water moccasin zombie (D:6)
  4 scorpions
  5 killer bees (D:7)
  7 wights
  5 howler monkeys
  2 crimson imps
  4 bullfrog zombies
  5 jellies
  A quasit (D:10)
  2 centaur skeletons
  A bullfrog skeleton (D:12)
  5 hounds
  5 orc priests
  4 orc wizards
  6 iguanas
  8 worker ants
  Natasha (twice) (D:3)
  A killer bee zombie (D:7)
  7 ogre zombies (D:10)
  2 hound skeletons
  3 worker ant zombies
  A howler monkey zombie (D:6)
  A howler monkey skeleton (D:9)
  6 gnolls
  21 adders
  8 shadow imps
  6 oozes
  An adder zombie (D:5)
  2 worms
  2 dart slugs
  6 leopard geckos
  31 orcs
  13 ball pythons
  7 bats
  8 giant cockroaches
  6 goblins
  4 hobgoblins
  12 jackals
  13 kobolds
  9 quokkas
  4 frilled lizards
  A goblin skeleton (D:10)
  A goblin zombie (D:10)
  2 hobgoblin skeletons (D:10)
  2 hobgoblin zombies (D:10)
  A leopard gecko skeleton (D:6)
  An orc skeleton (D:10)
  16 orc zombies (D:10)
  7 rats
335 creatures vanquished.

Vanquished Creatures (collateral kills)
  A two-headed ogre (D:11)
  A deep elf knight (D:12)
  A skeletal warrior (D:12)
  An ugly thing (D:11)
  A cyclops (D:12)
  A shadow (D:12)
  A yak (D:12)
  A water moccasin (D:11)
  A porcupine (D:11)
  2 orc warriors (D:11)
  2 bullfrogs (D:12)
  A wyvern zombie (D:11)
  2 scorpions (D:11)
  A wight (D:10)
  A quasit (D:12)
  2 orc wizards
  A worker ant (D:12)
  A worker ant zombie (D:11)
  An adder (D:11)
  An orc (D:11)
  2 ball pythons (D:11)
  A goblin zombie (D:10)
  An orc zombie (D:10)
28 creatures vanquished.

Vanquished Creatures (others)
  A bush (D:11)
  4 plants (D:11)
5 creatures vanquished.

Grand Total: 368 creatures vanquished

Notes
Turn   | Place    | Note
-------+----------+-------------------------------------------
     0 | D:1      | Chiseanne the Demonspawn Wizard began the quest for the Orb.
     0 | D:1      | Reached XP level 1. HP: 13/13 MP: 4/4
   348 | D:1      | Gained mutation: You are partially covered in icy blue scales. (AC +2) [demonic ancestry]
   348 | D:1      | Reached XP level 2. HP: 17/19 MP: 3/6
   613 | D:1      | Reached skill level 2 in Conjurations
   975 | D:1      | Learned a level 2 spell: Blink
  1165 | D:2      | Gained mutation: When hurt, damage is shared between your health and your magic reserves. [demonic ancestry]
  1165 | D:2      | Reached XP level 3. HP: 22/24 MP: 1/8
  1760 | D:2      | Gained mutation: You regenerate magic rapidly. [demonic ancestry]
  1760 | D:2      | Reached XP level 4. HP: 30/30 MP: 2/9
  1770 | D:2      | Reached skill level 3 in Conjurations
  1906 | D:2      | Found a sacrificial altar of Ru.
  2463 | D:1      | Learned a level 3 spell: Conjure Flame
  2467 | D:1      | Learned a level 3 spell: Mephitic Cloud
  2582 | D:2      | Gained mutation: You have sharp fingernails. [demonic ancestry]
  2582 | D:2      | Reached XP level 5. HP: 35/35 MP: 4/11
  2743 | D:3      | Noticed Terence
  2759 | D:3      | Noticed Terence
  2759 | D:3      | Terence changed into Terence the giant cockroach
  2763 | D:3      | Killed Terence the giant cockroach
  2863 | D:3      | Noticed Natasha
  2870 | D:3      | Killed Natasha
  3008 | D:3      | Reached skill level 4 in Conjurations
  3138 | D:3      | Noticed Natasha
  3156 | D:3      | Killed Natasha
  3411 | D:3      | Noticed Chiseanne's ghost (amateur DsWz)
  3667 | D:4      | Noticed an ogre
  3720 | D:4      | Noticed an ice beast
  3730 | D:3      | Gained mutation: You have very sharp fingernails. [demonic ancestry]
  3730 | D:3      | Reached XP level 6. HP: 31/41 MP: 1/13
  4076 | D:3      | Killed an ice beast
  4076 | D:3      | Reached skill level 5 in Spellcasting
  4150 | D:3      | Reached skill level 5 in Conjurations
  4259 | D:4      | Gained mutation: You are mostly covered in icy blue scales. (AC +3) [demonic ancestry]
  4259 | D:4      | Reached XP level 7. HP: 21/46 MP: 0/15
  4281 | D:4      | Noticed Edmund
  4503 | D:4      | Got a tattered robe
  4761 | D:4      | Noticed Edmund
  4761 | D:4      | Edmund changed into Edmund the water moccasin
  4765 | D:4      | Killed Edmund the water moccasin
  4836 | D:4      | Reached skill level 6 in Conjurations
  4906 | D:4      | Noticed Grinder
  5091 | D:4      | Found a sparkling altar of Nemelex Xobeh.
  5229 | D:5      | Entered Level 5 of the Dungeon
  5638 | D:5      | Noticed Blork the orc
  5648 | D:5      | Killed Blork the orc
  5678 | D:5      | Found a deep blue altar of Sif Muna.
  5899 | D:5      | Found an opulent altar of Gozag.
  6061 | D:5      | Identified the cursed +0 robe of the Harvest Moon {rElec MR+ Int-5} (You took it off a gnoll on level 4 of the Dungeon)
  6153 | D:6      | Gained mutation: When low on magic, you restore magic in place of health. [demonic ancestry]
  6153 | D:6      | Reached XP level 8. HP: 50/52 MP: 4/17
  6315 | D:6      | Reached skill level 7 in Conjurations
  6745 | D:6      | Reached skill level 8 in Conjurations
  7010 | D:6      | Got a shimmering helmet
  7022 | D:6      | Identified the +1 helmet of the Neverending Eyes {rPois rC+ Str+7 Stlth+} (You found it on level 6 of the Dungeon)
  7268 | D:7      | Noticed a hippogriff
  7283 | D:7      | Killed a hippogriff
  7498 | D:7      | Found a staircase to the Ecumenical Temple.
  7526 | D:7      | Found Dyuziepn's Distillery.
  7546 | Temple   | Entered the Ecumenical Temple
  7556 | Temple   | Became a worshipper of Vehumet
  7581 | D:7      | Reached XP level 9. HP: 43/57 MP: 11/21
  8011 | D:7      | Reached skill level 1 in Air Magic
  8019 | D:7      | Reached skill level 9 in Conjurations
  8110 | D:7      | Bought a potion of haste for 160 gold pieces
  8110 | D:7      | Bought 2 potions of lignification for 96 gold pieces
  8110 | D:7      | Bought a potion of heal wounds for 80 gold pieces
  8738 | D:8      | Noticed a two-headed ogre
  8757 | D:8      | Killed a two-headed ogre
  8790 | D:8      | Reached * piety under Vehumet
  8790 | D:8      | Offered knowledge of Sting by Vehumet.
  9675 | D:8      | Learned a level 4 spell: Summon Lightning Spire
  9718 | D:9      | Noticed a two-headed ogre
  9756 | D:8      | Killed a two-headed ogre
  9756 | D:8      | Reached skill level 10 in Conjurations
  9756 | D:8      | Reached XP level 10. HP: 63/63 MP: 4/23
 10084 | D:9      | Reached skill level 5 in Air Magic
 10270 | D:9      | Found a burning altar of Makhleb.
 10277 | D:9      | Found a snail-covered altar of Cheibriados.
 10464 | D:9      | Reached ** piety under Vehumet
 10466 | D:9      | Offered knowledge of Freeze by Vehumet.
 10677 | D:9      | Found a sacrificial altar of Ru.
 10690 | D:10     | Entered Level 10 of the Dungeon
 11034 | D:10     | Offered knowledge of Dazzling Spray by Vehumet.
 11124 | D:10     | Reached *** piety under Vehumet
 11214 | D:10     | Reached skill level 10 in Spellcasting
 11286 | D:10     | Offered knowledge of Olgreb's Toxic Radiance by Vehumet.
 11579 | D:10     | Reached **** piety under Vehumet
 11695 | D:10     | Found a staircase to the Orcish Mines.
 11738 | D:10     | Offered knowledge of Static Discharge by Vehumet.
 12096 | D:10     | Reached XP level 11. HP: 68/68 MP: 22/25
 12171 | D:11     | Noticed a red ugly thing
 12205 | D:11     | Reached skill level 11 in Conjurations
 12226 | D:11     | Killed a red ugly thing
 12503 | D:11     | Found a staircase to the Lair.
 12885 | D:11     | Reached ***** piety under Vehumet
 12977 | D:11     | Offered knowledge of Force Lance by Vehumet.
 12983 | D:11     | Learned a level 4 spell: Force Lance
 13140 | D:11     | Noticed a two-headed ogre
 13156 | D:11     | Killed a two-headed ogre
 13194 | D:11     | Noticed an oklob plant
 13416 | D:12     | Noticed a brown ugly thing
 13429 | D:12     | Killed a brown ugly thing
 13585 | D:12     | Noticed a white ugly thing
 13595 | D:12     | Killed a white ugly thing
 13639 | D:12     | Noticed a skeletal warrior
 13660 | D:12     | Killed a skeletal warrior
 14011 | D:12     | Noticed a deep elf mage
 14016 | D:12     | Killed a deep elf mage
 14103 | D:12     | Noticed a deep elf knight
 14116 | D:12     | Killed a deep elf knight
 14213 | D:12     | Reached skill level 12 in Conjurations
 14557 | D:12     | Noticed a deep elf mage
 14565 | D:12     | Killed a deep elf mage
 14631 | D:12     | Noticed a tengu reaver
 14632 | D:12     | Noticed a deep troll earth mage
 14632 | D:12     | Killed from afar by a tengu reaver

Skill      XL: |  1  2  3  4  5  6  7  8  9 10 11 |
---------------+----------------------------------+-----
Conjurations   | 2 3 4 5 6 8 10 12 | 12.1
Spellcasting   | 4 5 6 8 9 10 11 | 11.4
Air Magic      | 4 6 7 |  7.0
Summonings     | 4 |  4.8
Dodging        | |  1.7
Stealth        | |  1.7
Translocations | |  0.8

Action                   |  1- 3 |  4- 6 |  7- 9 | 10-12 || total
-------------------------+-------+-------+-------+-------++-------
Melee: Club              |    16 |       |       |       ||    16
       Mace              |     3 |    19 |       |       ||    22
       Falchion          |       |    72 |    11 |       ||    83
       Long sword        |       |       |    11 |    34 ||    45
       Dagger            |       |       |     7 |    50 ||    57
 Fire: Blowgun           |       |       |       |     4 ||     4
 Cast: Magic Dart        |    73 |   172 |   385 |   582 ||  1212
       Mephitic Cloud    |       |    10 |    18 |    35 ||    63
       Blink             |       |     3 |     5 |     2 ||    10
       Conjure Flame     |       |     1 |    13 |    35 ||    49
       Summon Lightning  |       |       |       |    15 ||    15
       Force Lance       |       |       |       |    24 ||    24
Evoke: Wand              |       |     2 |     2 |     3 ||     7
  Use: Scroll            |     4 |     4 |    12 |     4 ||    24
       Potion            |       |     2 |       |       ||     2
 Stab: Confused          |       |     2 |     1 |     1 ||     4
       Distracted        |       |       |       |     1 ||     1
  Eat: Chunk             |     2 |     9 |    15 |    16 ||    42
       Fruit             |       |       |       |     1 ||     1
Armor: Leather armour    |    20 |    12 |       |       ||    32
       Robe              |       |    27 |    40 |     2 ||    69
       Troll leather arm |       |       |       |    98 ||    98
Dodge: Dodged            |    33 |    81 |    68 |   129 ||   311
       Rpst.: Falchion   |       |    18 |    11 |       ||    29
       Long sword        |       |       |    12 |    16 ||    28
